 Dungeon Crawl Stone Soup version 0.31.0-9-g3a7656b989 (webtiles) character file.

Game seed: 7389330988667800312

648 qw the Shooter (level 7, 0/57 HPs)
             Began as a Demigod Hunter on Feb 2, 2024.
             Slain by an orc
             ... wielding a +0 hand axe
              (4 damage)
             ... on level 4 of the Dungeon.
             The game lasted 00:00:11 (2496 turns).

qw the Shooter (Demigod Hunter)                     Turns: 2496, Time: 00:00:12

Health: 0/57       AC:  3    Str: 12    XL:     7   Next: 6%
Magic:  9/9        EV: 14    Int: 11    God:
Gold:   85         SH:  0    Dex: 25    Spells: 6/6 levels left

rFire   . . .        a - +0 shortbow
rCold   . . .        (shield currently unavailable)
rNeg    . . .        f - +0 leather armour {Will+}
rPois   .            (no helmet)
rElec   .            (no cloak)
rCorr   .            (no gloves)
SInv    .            (no boots)
Will    +....        (no amulet)
Stlth   ++           (no ring)
HPRegen 0.29/turn    (no ring)
MPRegen 0.11/turn

%: no passive effects
@: no status effects
A: high MP 1, forlorn, divine attributes
a: no special abilities


You were on level 4 of the Dungeon.
You visited 1 branch of the dungeon, and saw 4 of its levels.

You collected 85 gold pieces.


Innate Abilities, Weirdness & Mutations

You have an increased reservoir of magic. (+10% MP)
You shall have no god before yourself.
Your divine heritage dramatically boosts your attributes as you level up.


   Skills:
 - Level 3.1 Fighting
 + Level 7.0 Ranged Weapons
 - Level 3.5 Dodging
 - Level 0.8 Stealth


You had 6 spell levels left.
You didn't know any spells.
Your spell library was empty.

Inventory:

Hand Weapons
 a - a +0 shortbow (weapon)
Armour
 f - a +0 leather armour of willpower (worn)
Wands
 c - a wand of quicksilver (14)
Potions
 b - a potion of lignification {unknown}
 d - a potion of brilliance {unknown}

Dungeon Overview and Level Annotations

Branches:
Dungeon (4/15)
 Temple: D:4-7

Annotations:
D:4 Edmund


Message History

Edmund is moderately wounded.
An orc comes into view. It is wielding a +0 hand axe.
The orc barely misses you.
Edmund hits you with a +1 flail of protection.
You shoot an arrow. The orc shouts!
The arrow hits Edmund.
Edmund is moderately wounded.
The orc closely misses you.
Edmund hits you with a +1 flail of protection!
You shoot an arrow. The arrow hits Edmund.
Edmund is heavily wounded.
An orc comes into view. It is wielding a +0 flail.
Edmund hits you with a +1 flail of protection!
You shoot an arrow. The arrow completely misses Edmund.
The arrow hits the orc!
You kill the orc!
The orc closely misses you.
Edmund hits you with a +1 flail of protection!
The orc closely misses you.
You shoot an arrow.
The arrow hits Edmund but does no damage.
Edmund is heavily wounded.
Edmund barely misses you. The orc barely misses you.
The orc hits you with a +0 flail.
You shoot an arrow.
The arrow hits Edmund but does no damage.
Edmund is heavily wounded.
The orc misses you. The orc barely misses you. Edmund barely misses you.
You shoot an arrow. The arrow completely misses Edmund.
The arrow barely misses the orc.
The orc misses you. The orc hits you with a +0 whip. Edmund barely misses you.
You shoot an arrow.
The arrow hits Edmund but does no damage.
Edmund is heavily wounded.
Edmund misses you. The orc hits you but does no damage.
The orc closely misses you.
You shoot an arrow. The arrow hits Edmund.
Edmund is severely wounded.
The orc hits you with a +0 hand axe.
You die...

#......##.%######
#......##.#...#
#......##.#...#
#####.###.# ....
#.#^..# #._.#
#.....# .....
#.o)..#...#..
#o@...#...
#@o...'####
#.o........
#....>..)..
##.........
##)........
#.###..#)#
##...#....##
##..........## .
#............###.#


You could see Edmund and 4 orcs.

Vanquished Creatures
  Grinder (D:3)
  A sky beast (D:3)
  2 hounds (D:4)
  A jelly (D:3)
  Jessica (D:3)
  Natasha (thrice) (D:3)
  A sleepcap (D:3)
  An orc wizard (D:4)
  A gnoll (D:4)
  3 adders
  A dart slug (D:2)
  4 ribbon worms
  3 orcs
  A ball python (D:1)
  7 endoplasms
  7 giant cockroaches
  6 goblins
  8 hobgoblins
  A jackal (D:4)
  A quokka (D:3)
  4 bats
  3 frilled lizards
  7 kobolds
  6 rats
74 creatures vanquished.

Notes
Turn   | Place    | Note
-------+----------+-------------------------------------------
     0 | D:1      | qw the Demigod Hunter began the quest for the Orb.
     0 | D:1      | Reached XP level 1. HP: 17/17 MP: 3/3
     0 | D:1      | 0 ||| qw: Version: 0.3-a-155-g5e7d8dd
     0 | D:1      | 0 ||| qw: Game counter: 44
     0 | D:1      | 0 ||| qw: Melee chars always use a shield: true
     0 | D:1      | 0 ||| qw: God list: Okawaru
     0 | D:1      | 0 ||| qw: Allow faded altars: false
     0 | D:1      | 0 ||| qw: Do Orc after clearing Dungeon:15 true
     0 | D:1      | 0 ||| qw: Do second Lair branch before Depths: true
     0 | D:1      | 0 ||| qw: Lair rune preference: random
     0 | D:1      | 0 ||| qw: Goals: Normal
     0 | D:1      | 0 ||| PLANNING D:1-11
   211 | D:1      | Reached skill level 4 in Ranged Weapons
   215 | D:1      | Reached XP level 2. HP: 24/24 MP: 4/4
   525 | D:1      | 525 ||| UPGRADING to +0 leather armour of willpower.
   535 | D:1      | 535 ||| DROPPING +0 leather armour.
   536 | D:1      | 536 ||| DROPPING ring of flight.
   537 | D:1      | 537 ||| READING scroll labelled PAM IMAMNEPHEU.
   541 | D:1      | 541 ||| READING scroll labelled VOQOGU FEU.
   541 | D:1      | 541 ||| IDENTIFYING 2 grey potions
   542 | D:1      | 542 ||| READING scroll labelled XUSEEL PALUIRCH.
   643 | D:1      | 643 ||| READING scroll labelled WIUN BOUNG.
   688 | D:1      | 688 ||| DROPPING scroll of butterflies.
   847 | D:2      | Reached XP level 3. HP: 29/29 MP: 5/5
  1044 | D:2      | Identified the staff of Compassion {rPois rN++ rCorr Dex+2
                  | Alchemy}
  1406 | D:2      | 1406 ||| READING scroll of identify.
  1406 | D:2      | 1406 ||| IDENTIFYING golden potion
  1407 | D:2      | 1407 ||| READING scroll labelled TYEPTI GYAZEA.
  1407 | D:2      | 1407 ||| ENCHANTING +0 shortbow.
  1408 | D:2      | 1408 ||| DROPPING potion of invisibility.
  1504 | D:3      | Noticed Grinder
  1508 | D:3      | HP: 5/29 [Grinder (9)]
  1509 | D:3      | 1509 ||| DRINKING 3 potions of heal wounds.
  1514 | D:3      | Killed Grinder
  1515 | D:3      | Reached skill level 6 in Ranged Weapons
  1515 | D:3      | Reached XP level 4. HP: 27/36 MP: 6/6
  1515 | D:3      | Reached XP level 5. HP: 31/41 MP: 7/7
  1565 | D:3      | Noticed Natasha
  1569 | D:3      | Killed Natasha
  1767 | D:3      | Noticed Natasha
  1775 | D:3      | Killed Natasha
  1776 | D:3      | Reached XP level 6. HP: 31/50 MP: 8/8
  1850 | D:3      | Noticed Natasha
  1861 | D:3      | Killed Natasha
  1989 | D:3      | Noticed Jessica
  1992 | D:3      | Killed Jessica
  2042 | D:3      | Reached skill level 3 in Dodging
  2071 | D:3      | 2071 ||| FLEEEEING.
  2072 | D:3      | 2072 ||| FLEEEEING.
  2074 | D:3      | 2074 ||| FLEEEEING.
  2075 | D:3      | 2075 ||| FLEEEEING.
  2076 | D:3      | 2076 ||| FLEEEEING.
  2079 | D:3      | 2079 ||| STAIRDANCE
  2103 | D:2      | 2103 ||| READING scroll labelled LEOMIOHUAMN.
  2104 | D:2      | 2104 ||| READING scroll labelled YPTERGH LIHIUPP.
  2262 | D:3      | 2262 ||| READING scroll labelled ESTREO CUCRO.
  2284 | D:4      | 2284 ||| STAIRDANCE
  2289 | D:3      | Reached skill level 3 in Fighting
  2292 | D:4      | 2292 ||| STAIRDANCE
  2296 | D:3      | HP: 9/51 [sleepcap (6)]
  2297 | D:3      | 2297 ||| DRINKING 2 potions of heal wounds.
  2301 | D:3      | 2301 ||| DRINKING potion of heal wounds.
  2451 | D:4      | Reached XP level 7. HP: 46/57 MP: 9/9
  2467 | D:4      | Noticed Edmund
  2470 | D:4      | Reached skill level 7 in Ranged Weapons
  2470 | D:4      | 2470 ||| FLEEEEING.
  2471 | D:4      | 2471 ||| FLEEEEING.
  2472 | D:4      | 2472 ||| FLEEEEING.
  2473 | D:4      | 2473 ||| FLEEEEING.
  2474 | D:4      | 2474 ||| FLEEEEING.
  2475 | D:4      | 2475 ||| FLEEEEING.
  2476 | D:4      | 2476 ||| FLEEEEING.
  2477 | D:4      | 2477 ||| FLEEEEING.
  2478 | D:4      | 2478 ||| FLEEEEING.
  2491 | D:4      | HP: 11/57 [Edmund/+1 flail of protection (7)]
  2494 | D:4      | HP: 4/57 [orc/+0 whip (4)]
  2496 | D:4      | Slain by an orc

Levels and vault maps discovered:
D:1:      minmay_arrival_four_circles, layout_basic, basic_ecumenical_altar,
          minmay_hexomino_r4
D:2:      layout_basic
D:3:      layout_loops_cross, uniq_grinder, uniq_natasha, uniq_jessica
D:4:      layout_rooms, nicolae_ru_great_annihilating_truth, uniq_edmund

Skill      XL: |  1  2  3  4  5  6  7 |
---------------+----------------------+-----
Ranged Weapons | 4 6 7 |  7.0
Fighting       | 2 3 |  3.1
Dodging        | 2 3 |  3.5
Stealth        | |  0.8

Action                     |  1- 3 |  4- 6 |  7- 9 || total
---------------------------+-------+-------+-------++-------
   Fire: Shortbow          |    98 |   114 |    29 ||   241
    Use: Scroll            |     6 |     3 |       ||     9
         Potion            |     1 |     2 |       ||     3
 Armour: Leather armour    |    14 |    33 |    13 ||    60
  Dodge: Dodged            |    19 |    35 |    24 ||    78

Table legend:
 A = Non-vault XP
 B = Vault XP
 C = Vault XP percentage of total XP
 D = Non-vault monster count
 E = Vault monster count
 F = Vault count percentage of total count
                 A         B        C        D         E       F
            +---------+---------+-------+---------+---------+-------
      Total |     536 |     391 |  42.2 |      63 |      11 |  14.9
            +---------+---------+-------+---------+---------+-------
        D:1 |      19 |       8 |  29.6 |      12 |       5 |  29.4
        D:2 |      68 |       0 |   0.0 |      21 |       0 |   0.0
        D:3 |     330 |     346 |  51.2 |      21 |       3 |  12.5
        D:4 |     119 |      37 |  23.7 |       9 |       3 |  25.0
            +---------+---------+-------+---------+---------+-------
